 Dungeon Crawl Stone Soup version 0.31.0-9-g3a7656b989 (webtiles) character file.

Game seed: 3403728627796027922

1407 qw the Nimble (level 8, 0/39 HPs)
             Began as a Spriggan Hunter on Feb 2, 2024.
             Was a Believer of Okawaru.
             Killed by divine providence
             ... invoked by an orc priest
              (11 damage)
             ... on level 6 of the Dungeon.
             The game lasted 00:00:27 (4892 turns).

qw the Nimble (Spriggan Hunter)                     Turns: 4892, Time: 00:00:27

Health: 0/39       AC:  4    Str:  2 (5)  XL:     8   Next: 42%
Magic:  12/12      EV: 33    Int:  8 (10) God:    Okawaru [**....]
Gold:   202        SH:  0    Dex: 27      Spells: 7/7 levels left

rFire   . . .        n - +0 orcbow
rCold   . . .        (shield currently unavailable)
rNeg    . . .        c - +0 robe
rPois   .            (helmet restricted)
rElec   .            e - +0 cloak
rCorr   .            (gloves unavailable)
SInv    +            (boots unavailable)
Will    +....        (no amulet)
Stlth   +++          m - +5 ring of evasion
HPRegen 0.26/turn    b - +6 ring of dexterity
MPRegen 0.13/turn

%: no passive effects
@: very quick
A: very small, no large weapons, unfitting armour, see invisible, speed 3, horns
1, shaggy fur 1, weak 1, MP-powered wands
a: Renounce Religion, Heroism


You were on level 6 of the Dungeon.
You worshipped Okawaru.
Okawaru was pleased with you.
You visited 2 branches of the dungeon, and saw 7 of its levels.

You collected 390 gold pieces.
You spent 188 gold pieces at shops.


Innate Abilities, Weirdness & Mutations

You are very small and have problems with some larger weapons.
You are too small for most types of armour.
You have supernaturally acute eyesight. (SInv)
You cover ground extremely quickly. (Speed+++)
You have a pair of small horns on your head.
You are covered in fur. (AC +1)
You are weak. (Str -2)
You expend magic power (3 MP) to strengthen your wands.


   Skills:
 - Level 2.0 Fighting
 + Level 7.5 Ranged Weapons
 - Level 9.3 Dodging
 - Level 1.5 Stealth
 - Level 4.1 Invocations


You had 7 spell levels left.
You didn't know any spells.
Your spell library was empty.

Inventory:

Hand Weapons
 n - a +0 orcbow (weapon)
Armour
 c - a +0 robe (worn)
 e - a +0 cloak (worn)
Jewellery
 b - a +6 ring of dexterity (right hand)
 m - a +5 ring of evasion (left hand)
Wands
 d - a wand of iceblast (8)
 f - a wand of mindburst (4)
Scrolls
 l - a scroll of noise {unknown}
Potions
 g - a potion of enlightenment
 h - 3 potions of heal wounds
 i - 2 potions of mutation
 j - a potion of cancellation
 k - a potion of haste {unknown}

Dungeon Overview and Level Annotations

Branches:
Dungeon (6/15)             Temple (1/1) D:4

Altars:
Dithmenos
Elyvilon
Fedhas
Gozag
Hepliaklqana
Makhleb
Nemelex Xobeh
Okawaru
Qazlal
Ru
Sif Muna
Uskayaw
Vehumet
Wu Jian
Xom
Yredelemnul
Zin

Shops:
D:2 =(([[   D:4 [   D:6 ((=(


Message History

An orc priest is nearby!
You shoot an arrow. The arrow hits the orc priest!
The orc priest is severely wounded.
The orc priest calls down the wrath of Beogh upon you.
Beogh smites you!
You shoot an arrow. The arrow barely misses the orc priest.
You shoot an arrow. The arrow hits the orc priest.
The orc priest is almost dead.
You shoot an arrow.
The arrow closely misses the orc priest.
You start resting.
An orc priest is nearby!
You shoot an arrow. The arrow barely misses the orc priest.
The orc priest miscasts a cantrip.
You shoot an arrow.
The arrow hits the orc priest but does no damage.
The orc priest is almost dead.
The orc priest looks braver for a moment.
You shoot an arrow. The arrow barely misses the orc priest.
The orc priest invokes the aid of Beogh against you.
You resist with some effort.
You shoot an arrow.
The arrow closely misses the orc priest.
You shoot an arrow. The arrow barely misses the orc priest.
The orc priest hits you with a +0 short sword.
You shoot an arrow. The arrow hits the orc priest.
The orc priest is almost dead.
The orc priest mumbles some strange prayers to Beogh against you.
Pain shoots through your body!
You shoot an arrow.
The arrow hits the orc priest but does no damage.
The orc priest is almost dead.
The orc priest completely misses you.
You shoot an arrow. The arrow hits the orc priest.
The orc priest is almost dead.
The orc priest misses you.
You shoot an arrow. The arrow barely misses the orc priest.
The orc priest calls down the wrath of Beogh upon you.
Beogh smites you!
You die...

..# .. .. ...# .. .. ... # .# ..
#. #. ##.. ###.. .... #.# #.
####... ..... ....###.##. .#
###.###.. ..... ......#...# #.#
#....###. ..... .......o.+ .\.
+..#..... ....# #.....@#
#.###.##..... .#### #......####
#..###..... ##...## #
#......##.#+#.......##. #.....#.#
#.....##....#..#......#
.%...).####......#.'##...#.##...#
...\....##.........#\#......#....
........###........###...#..##...
#.....#..##.......###...###.#...#
##...##...#...........#..##......


You could see an orc priest.

Vanquished Creatures
  Eustachio (D:6)
  Menkaure (D:5)
  Edmund (D:6)
  An orc warrior (D:6)
  A black bear (D:4)
  A centaur (D:5)
  2 scorpions
  2 hounds
  5 orc priests
  A sleepcap (D:5)
  Natasha (thrice) (D:4)
  3 iguanas (D:5)
  An orc wizard (D:5)
  6 adders
  2 shadow imps (D:5)
  5 white imps (D:5)
  7 ufetubi
  2 ribbon worms (D:4)
  A dart slug (D:4)
  11 orcs
  6 ball pythons
  7 endoplasms
  3 giant cockroaches
  8 goblins
  9 hobgoblins
  3 jackals (D:4)
  4 quokkas
  5 bats
  5 frilled lizards
  9 kobolds
  4 rats
120 creatures vanquished.

Notes
Turn   | Place    | Note
-------+----------+-------------------------------------------
     0 | D:1      | qw the Spriggan Hunter began the quest for the Orb.
     0 | D:1      | Reached XP level 1. HP: 10/10 MP: 2/2
     0 | D:1      | 0 ||| qw: Version: 0.3-a-155-g5e7d8dd
     0 | D:1      | 0 ||| qw: Game counter: 1624
     0 | D:1      | 0 ||| qw: Melee chars always use a shield: true
     0 | D:1      | 0 ||| qw: God list: Okawaru
     0 | D:1      | 0 ||| qw: Allow faded altars: false
     0 | D:1      | 0 ||| qw: Do Orc after clearing Dungeon:15 true
     0 | D:1      | 0 ||| qw: Do second Lair branch before Depths: true
     0 | D:1      | 0 ||| qw: Lair rune preference: random
     0 | D:1      | 0 ||| qw: Goals: Normal
     0 | D:1      | 0 ||| PLANNING D:1-11
    26 | D:1      | Reached skill level 3 in Dodging
   277 | D:1      | Reached XP level 2. HP: 14/14 MP: 3/3
   336 | D:1      | Reached skill level 4 in Dodging
   757 | D:1      | 757 ||| UPGRADING to ring of protection from cold.
   758 | D:1      | 758 ||| READING scroll labelled JAWNAS ZOMPY.
   758 | D:1      | 758 ||| ENCHANTING +0 shortbow.
   759 | D:1      | 759 ||| DRINKING 2 inky potions.
   760 | D:1      | 760 ||| DRINKING murky sapphire potion.
   760 | D:1      | Gained mutation: You occasionally lose the ability to read
                  | scrolls when taking damage. [potion of mutation]
   760 | D:1      | Gained mutation: You are strong-willed. (Will+) [potion of
                  | mutation]
   761 | D:1      | 761 ||| DRINKING emerald potion.
   762 | D:1      | 762 ||| DROPPING scroll of butterflies.
   763 | D:1      | 763 ||| DROPPING potion of ambrosia.
   844 | D:2      | Found Wuqat's Weapon Boutique.
   852 | D:2      | 852 ||| SHOPLISTING +11 orcbow of Locus Delicti {drain,
                  | MP+9 Dex+2} (1005 gold, have 74).
   852 | D:2      | 852 ||| SHOPLISTING +2 shortbow of freezing (191 gold, have
                  | 74).
  1003 | D:2      | Found Xurghy's Antique Armour Shoppe.
  1006 | D:2      | 1006 ||| BUYING cloak (90 gold).
  1006 | D:2      | Bought a cloak for 90 gold pieces
  1019 | D:2      | Found Qic Pumu's Weapon Emporium.
  1153 | D:2      | Reached XP level 3. HP: 6/18 MP: 4/4
  1207 | D:2      | Found Ippidd's Jewellery Boutique.
  1215 | D:2      | 1215 ||| SHOPLISTING +4 ring of protection (504 gold, have
                  | 0).
  1215 | D:2      | 1215 ||| SHOPLISTING amulet of the Air {Inacc Air Fly rElec
                  | RMsl} (526 gold, have 0).
  1215 | D:2      | 1215 ||| SHOPLISTING ring of Qocvolu {Fire *Slow rN+
                  | Stlth+} (467 gold, have 0).
  1215 | D:2      | 1215 ||| SHOPLISTING ring of fire (350 gold, have 0).
  1372 | D:2      | Found Qur Qenamasa's Armour Shoppe.
  1376 | D:2      | 1376 ||| SHOPLISTING +2 robe of positive energy (176 gold,
                  | have 50).
  1376 | D:2      | 1376 ||| SHOPLISTING +2 robe of willpower (212 gold, have
                  | 50).
  1634 | D:2      | 1634 ||| UPGRADING to +0 cloak.
  1639 | D:2      | 1639 ||| UPGRADING to +6 ring of dexterity.
  1640 | D:2      | 1640 ||| READING scroll labelled MIOLOZ CUELUDO.
  1641 | D:2      | 1641 ||| DRINKING 2 viscous pink potions.
  1642 | D:2      | 1642 ||| DROPPING potion of attraction.
  1679 | D:3      | Reached XP level 4. HP: 9/22 MP: 5/5
  1681 | D:3      | 1681 ||| FLEEEEING.
  1695 | D:3      | 1695 ||| FLEEEEING.
  1697 | D:3      | 1697 ||| FLEEEEING.
  1701 | D:3      | 1701 ||| FLEEEEING.
  1702 | D:3      | 1702 ||| FLEEEEING.
  1703 | D:3      | 1703 ||| FLEEEEING.
  1704 | D:3      | 1704 ||| STAIRDANCE
  1756 | D:3      | Reached skill level 5 in Dodging
  1759 | D:3      | Found the +7 staff of the Meek {protect, meekguard}
  1832 | D:3      | Identified the +8 spear "Arujonio" {freeze, Int+3 Dex+2}
  1845 | D:3      | Found a blossoming altar of Fedhas.
  2017 | D:3      | 2017 ||| DRINKING 2 potions of mutation.
  2017 | D:3      | Lost mutation: You occasionally lose the ability to read
                  | scrolls when taking damage. [potion of mutation]
  2017 | D:3      | Lost mutation: You are strong-willed. (Will+) [potion of
                  | mutation]
  2017 | D:3      | Gained mutation: You are weak. (Str -2) [potion of
                  | mutation]
  2017 | D:3      | Gained mutation: You are covered in fur. (AC +1) [potion of
                  | mutation]
  2017 | D:3      | Gained mutation: You have hidden genetic potential. [potion
                  | of mutation]
  2338 | D:3      | Found a faded altar of an unknown god.
  2342 | D:3      | Found a white marble altar of Elyvilon.
  2499 | D:3      | 2499 ||| READING scroll labelled WEPHOXK BIUKHOS.
  2502 | D:3      | 2502 ||| DRINKING 2 bubbling white potions.
  2517 | D:4      | 2517 ||| READING scroll of enchant weapon.
  2517 | D:4      | 2517 ||| ENCHANTING +1 shortbow.
  2549 | D:4      | Found Habiph's Armour Shop.
  2582 | D:4      | Noticed a black bear
  2586 | D:4      | Killed a black bear
  2587 | D:4      | Reached skill level 6 in Dodging
  2587 | D:4      | Reached XP level 5. HP: 25/25 MP: 6/6
  2629 | D:4      | Gained mutation: You have a pair of small horns on your
                  | head. [hidden potential]
  2645 | D:4      | Found a sparkling altar of Nemelex Xobeh.
  2882 | D:4      | Noticed Natasha
  2889 | D:4      | HP: 6/26 [cerulean imp/+1 spear[Natasha] (2)]
  2890 | D:4      | 2890 ||| DRINKING potion of heal wounds.
  2895 | D:4      | Killed Natasha
  2997 | D:4      | Found a staircase to the Ecumenical Temple.
  2998 | D:4      | 2998 ||| PLANNING TEMPLE
  2998 | D:4      | 2998 ||| UPGRADING to +5 ring of evasion.
  3000 | D:4      | 3000 ||| DROPPING ring of protection from cold.
  3001 | D:4      | 3001 ||| READING 2 scrolls labelled TUFOJA BIBIAXT.
  3002 | D:4      | 3002 ||| READING scroll labelled HYHEMM OFREE.
  3002 | D:4      | 3002 ||| IDENTIFYING fuming black potion
  3003 | D:4      | 3003 ||| READING scroll labelled VUGI REB XOMIT.
  3004 | D:4      | 3004 ||| DROPPING scroll of blinking.
  3005 | D:4      | 3005 ||| DROPPING potion of lignification.
  3010 | Temple   | Entered the Ecumenical Temple
  3011 | Temple   | 3011 ||| PLANNING OKAWARU WORSHIP
  3039 | Temple   | Became a worshipper of Warmaster Okawaru
  3040 | Temple   | 3040 ||| PLANNING D:1-11
  3143 | D:4      | Noticed Natasha
  3146 | D:4      | 3146 ||| FLEEEEING.
  3147 | D:4      | 3147 ||| FLEEEEING.
  3148 | D:4      | 3148 ||| FLEEEEING.
  3149 | D:4      | 3149 ||| FLEEEEING.
  3156 | D:4      | Killed Natasha
  3157 | D:4      | Reached XP level 6. HP: 28/30 MP: 7/7
  3202 | D:4      | Found an opulent altar of Gozag.
  3266 | D:4      | Found a stormy altar of Qazlal.
  3266 | D:4      | Found a basalt altar of Yredelemnul.
  3290 | D:4      | Noticed Natasha
  3293 | D:4      | Killed Natasha
  3504 | D:5      | Entered Level 5 of the Dungeon
  3531 | D:5      | Reached skill level 6 in Ranged Weapons
  3538 | D:5      | Gained mutation: You expend magic power (3 MP) to
                  | strengthen your wands. [hidden potential]
  3538 | D:5      | Lost mutation: You have hidden genetic potential. [hidden
                  | potential expressed]
  3600 | D:5      | Reached skill level 7 in Dodging
  3738 | D:5      | Reached XP level 7. HP: 34/35 MP: 8/8
  3754 | D:5      | 3754 ||| FLEEEEING.
  3755 | D:5      | 3755 ||| FLEEEEING.
  3756 | D:5      | 3756 ||| FLEEEEING.
  3757 | D:5      | 3757 ||| FLEEEEING.
  3758 | D:5      | 3758 ||| FLEEEEING.
  3759 | D:5      | 3759 ||| FLEEEEING.
  3760 | D:5      | 3760 ||| FLEEEEING.
  3762 | D:5      | 3762 ||| FLEEEEING.
  3763 | D:5      | 3763 ||| FLEEEEING.
  3816 | D:5      | Noticed Menkaure
  3821 | D:5      | 3821 ||| ZAPPING wand of iceblast (9) at 0,-3 (Menkaure;
                  | floor).
  3821 | D:5      | Killed Menkaure
  3822 | D:5      | Reached skill level 8 in Dodging
  3872 | D:5      | Reached * piety under Okawaru
  4228 | D:5      | 4228 ||| FLEEEEING.
  4229 | D:5      | 4229 ||| FLEEEEING.
  4230 | D:5      | 4230 ||| FLEEEEING.
  4232 | D:5      | 4232 ||| FLEEEEING.
  4233 | D:5      | 4233 ||| FLEEEEING.
  4236 | D:5      | Reached skill level 1 in Invocations
  4377 | D:5      | 4377 ||| READING scroll of identify.
  4377 | D:5      | 4377 ||| IDENTIFYING fizzy purple potion
  4378 | D:5      | 4378 ||| DRINKING 2 purple potions.
  4379 | D:5      | 4379 ||| DRINKING 2 puce potions.
  4380 | D:5      | 4380 ||| DROPPING potion of degeneration.
  4426 | D:6      | Found a hazy altar of Hepliaklqana.
  4427 | D:6      | Found a faded altar of an unknown god.
  4457 | D:6      | Reached XP level 8. HP: 39/39 MP: 9/11
  4466 | D:6      | Reached skill level 3 in Invocations
  4593 | D:6      | Noticed Eustachio
  4600 | D:6      | 4600 ||| RETREEEEATING.
  4601 | D:6      | 4601 ||| RETREEEEATING.
  4605 | D:6      | 4605 ||| RETREEEEATING.
  4627 | D:6      | Killed Eustachio
  4627 | D:6      | Reached ** piety under Okawaru
  4628 | D:6      | Reached skill level 9 in Dodging
  4679 | D:6      | Found Yfomeno's Weapon Shop.
  4722 | D:6      | Found a radiant altar of Vehumet.
  4744 | D:6      | Noticed Edmund
  4752 | D:6      | Killed Edmund
  4767 | D:6      | Found Untyosoc's Jewellery Shop.
  4782 | D:6      | Found Laimas's Antique Weapon Shoppe.
  4785 | D:6      | Found Kesmoes's Weapon Shop.
  4790 | D:6      | 4790 ||| BUYING orcbow (98 gold).
  4790 | D:6      | Bought an orcbow for 98 gold pieces
  4790 | D:6      | 4790 ||| SWAPPING to +0 orcbow.
  4791 | D:6      | 4791 ||| DROPPING +2 shortbow.
  4892 | D:6      | Killed from afar by an orc priest

Levels and vault maps discovered:
D:1:      psy_arrival_terrarium, layout_loops_ring,
          chequers_serial_rivers_micro_b
D:2:      layout_basic, serial_shops, shop, shop,
          nicolae_shop_tiny_real_fake_doors, shop, shop, feat_on_display
D:3:      layout_loops_ring, fedhas_altar_3, nicolae_overflow_ecumenical_swirl,
          serial_glass, glass_columns_b, glass_columns_b, pf_guarded_unrand_meek
D:4:      layout_gridville, nicolae_overflow_crystal_walls,
          gammafunk_temple_overflow_statue, mainiacjoe_overflow_alcove_1,
          temple_doors_ab, serial_shops, kennysheep_mini, kennysheep_boxes,
          uniq_natasha
D:5:      layout_gridville, serial_demonic, serial_demonic_d, serial_demonic_g,
          serial_demonic_d, serial_demonic_a, uniq_menkaure
D:6:      layout_cave_pools, mainiacjoe_overflow_boulevard,
          beargit_hepliaklqana_dungeon_heroes, serial_shops,
          nicolae_shop_tiny_glass, nicolae_shop_hallway_plus,
          nicolae_shop_bloodbath_and_beyond, nicolae_take_the_stairs,
          nicolae_nh_ransacked_shop, uniq_edmund, uniq_eustachio
Temple:   grunt_temple_mini_profane

Skill      XL: |  1  2  3  4  5  6  7  8 |
---------------+-------------------------+-----
Dodging        | 3 4 6 7 8 9 |  9.3
Ranged Weapons | 5 6 7 |  7.5
Fighting       | 2 |  2.0
Invocations    | 2 4 |  4.1
Stealth        | |  1.5

Action                     |  1- 3 |  4- 6 |  7- 9 || total
---------------------------+-------+-------+-------++-------
   Fire: Shortbow          |    89 |   161 |   120 ||   370
         Orcbow            |       |       |    26 ||    26
  Evoke: Wand              |       |       |     1 ||     1
    Use: Potion            |     4 |     3 |     2 ||     9
         Scroll            |     2 |     5 |     1 ||     8
 Armour: Robe              |    10 |    15 |    13 ||    38
  Dodge: Dodged            |    34 |    64 |    88 ||   186

Table legend:
 A = Non-vault XP
 B = Vault XP
 C = Vault XP percentage of total XP
 D = Non-vault monster count
 E = Vault monster count
 F = Vault count percentage of total count
                 A         B        C        D         E       F
            +---------+---------+-------+---------+---------+-------
      Total |    1141 |     869 |  43.2 |      99 |      21 |  17.5
            +---------+---------+-------+---------+---------+-------
        D:1 |      36 |       0 |   0.0 |      23 |       0 |   0.0
        D:2 |      47 |       0 |   0.0 |      10 |       0 |   0.0
        D:3 |      35 |      50 |  58.8 |      20 |       5 |  20.0
        D:4 |     242 |      35 |  12.6 |      18 |       1 |   5.3
        D:5 |     582 |     233 |  28.6 |      20 |       7 |  25.9
        D:6 |     199 |     551 |  73.5 |       8 |       8 |  50.0
            +---------+---------+-------+---------+---------+-------
